[Event "Late-Titled-Tuesday-Blitz-May-14-2024"]
[Site "Chess.com"]
[Date "2024.05.14"]
[Round "10"]
[White "gabduschew"]
[Black "guineo59"]
[Result "1/2-1/2"]
[WhiteElo "2361"]
[BlackElo "2233"]
[TimeControl "180+1"]
[EndTime "15:53:54 PDT"]
[Termination "Game drawn by agreement"]

1. e4 e6 2. d3 d5 3. Nd2 Nf6 4. Ngf3 Nc6 5. g3 Bc5 6. Bg2 dxe4 7. dxe4 O-O 8. Qe2 e5 9. c3 a5 10. O-O b6 11. Nc4 Ba6 12. b3 Qe7 13. Bg5 h6 14.
Bxf6 Qxf6 15. Qc2 b5 16. Ne3 Bxe3 17. fxe3 Qe7 18. Nh4 Qc5 19. Rfe1 Rad8 20. Nf5 Kh7 21. Rac1 g6 22. Nh4 Kg7 23. h3 Rd6 24. Nf3 Rfd8 25. Kh2 Bc8 26. c4 b4 27. Rcd1 Be6 28. Rxd6 Qxd6 29. Re2 Rd7 30. Rd2 Qe7 31. Rxd7 Qxd7 32.
Qd2 Qxd2 33. Nxd2 Nd8 34. Bf1 Nb7 35. Kg2 Nc5 36. g4 Kf6 37. Kf3 Kg5 38. Kg3 h5 39. h4+ Kf6 40. g5+ Ke7 41. Be2 Kd6 42. Kf2 1/2-1/2

[Event "Late-Titled-Tuesday-Blitz-May-14-2024"]
[Site "Chess.com"]
[Date "2024.05.14"]
[Round "10"]
[White "nindjaxx8"]
[Black "Pitomina"]
[Result "0-1"]
[WhiteElo "2639"]
[BlackElo "2547"]
[TimeControl "180+1"]
[EndTime "15:53:56 PDT"]
[Termination "Pitomina won by resignation"]

1. d4 Nf6 2. c4 e5 3. dxe5 Ng4 4.
Bf4 Nc6 5. Nf3 Bb4+ 6. Nc3 Qe7 7.
Qd5 Bxc3+ 8. bxc3 Qa3 9. Rc1 f6 10. exf6 Nxf6 11. Qd3 O-O 12. g3 d6 13. Bg2 Be6 14. O-O Qxa2 15. Nd2 Qa3 16. Be3 Ne5 17. Qc2 Nxc4 18. Nxc4 Bxc4 19. Ra1 Qb3 20. Qd2 Bd5 21.
Bh3 Qc4 22. Rfd1 b6 23. Rab1 a5 24. Bf5 Be4 25. Bxe4 Nxe4 26. Qc2 Nxc3 27. Re1 b5 28. Rbc1 b4 29. Bd2 Nxe2+ 30. Kg2 Qd5+ 31. Kf1 Nd4 32. Qe4 Qxe4 33. Rxe4 Nb3 34. Rc2 Rae8 35. Rg4 Rf3 36. Be3 c5 37. Rd2 Rexe3 38. Rxd6 Re7 39. Rd8+ Rf8 40.
Rd6 Ref7 41. f4 a4 42. Ra6 a3 43. Rg5 Rf5 44. Rg4 g6 45. h4 R8f6 46. h5 0-1

[Event "Late-Titled-Tuesday-Blitz-May-14-2024"]
[Site "Chess.com"]
[Date "2024.05.14"]
[Round "10"]
[White "Sanan_Sjugirov"]
[Black "IlyaGrigorjev"]
[Result "1-0"]
[WhiteElo "3034"]
[BlackElo "2863"]
[TimeControl "180+1"]
[EndTime "15:54:02 PDT"]
[Termination "Sanan_Sjugirov won on time"]

1. e4 e5 2. Nf3 Nc6 3. Bb5 a6 4. Ba4 Nge7 5. O-O Ng6 6. d4 exd4 7. Nxd4 Nxd4 8. Qxd4 b5 9. Bb3 Bb7 10. Qd3 Bd6 11. Nc3 O-O 12. f4 Bc5+ 13. Be3 Bxe3+ 14. Qxe3 Qe7 15. Nd5 Bxd5 16. Bxd5 Rae8 17. Rae1 Kh8 18. Bb3 f5 19. e5 d6 20. e6 Qf6 21. Qa7 Re7 22.
c3 c5 23. Qxa6 c4 24. Bc2 Rxe6 25. g3 Rfe8 26. Rxe6 Qxe6 27. Qxb5 Qe3+ 28. Kg2 Qe2+ 29. Kg1 Qe3+ 30. Rf2 d5 31. Qxd5 Qc1+ 32. Kg2 Qxb2 33. Ba4 Qb8 34. Bxe8 Qxe8 35. Rd2 Nf8 36. Qxf5 h6 37.
Qd5 Ng6 38. Qd8 1-0

[Event "Late-Titled-Tuesday-Blitz-May-14-2024"]
[Site "Chess.com"]
[Date "2024.05.14"]
[Round "10"]
[White "FairChess_on_YouTube"]
[Black "MagnusCarlsen"]
[Result "0-1"]
[WhiteElo "3073"]
[BlackElo "3205"]
[TimeControl "180+1"]
[EndTime "15:54:03 PDT"]
[Termination "MagnusCarlsen won by resignation"]

1. Nf3 Nf6 2. g3 b6 3. Bg2 Bb7 4. O-O g6 5. d4 Bg7 6. c4 O-O 7. d5 Na6 8. Nc3 Nc5 9. Be3 e6 10. Bd4 a5 11. Rb1 d6 12. a3 e5 13. Bxc5 bxc5 14.
Nd2 Bc8 15. b4 axb4 16. axb4 cxb4 17. Rxb4 Nd7 18. Nb3 e4 19. Nb5 e3 20. f4 Nf6 21.
N3d4 Ng4 22. Nc6 Qd7 23. Bh3 h5 24. Qb3 Re8 25. Bxg4 Qxg4 26. Qd1 Ra1 27. Rb1 Rxb1 28. Qxb1 Qxe2 29. Qe1 Qxc4 30. Nxc7 Re4 31. Rf3 Bc3 32. Qc1 e2 33. Rxc3 e1=Q+ 0-1

[Event "Late-Titled-Tuesday-Blitz-May-14-2024"]
[Site "Chess.com"]
[Date "2024.05.14"]
[Round "10"]
[White "super_emi_26"]
[Black "DominguezOnYoutube"]
[Result "0-1"]
[WhiteElo "2862"]
[BlackElo "3020"]
[TimeControl "180+1"]
[EndTime "15:54:03 PDT"]
[Termination "DominguezOnYoutube won by checkmate"]

1. b3 d5 2. Bb2 Nf6 3. e3 e6 4. Nf3 Be7 5. c4 O-O 6. d4 b6 7.
Nc3 Bb7 8. Bd3 Nbd7 9. O-O a6 10. Rc1 Bd6 11. Re1 Ne4 12. Ne2 f5 13. Ne5 Nxe5 14. dxe5 Bb4 15. Rf1 dxc4 16. Bxc4 Qe7 17. Nf4 Ng5 18.
h4 Nf3+ 19. gxf3 Rad8 20. Bd4 Qxh4 21. Nxe6 Kh8 22. Be2 f4 23. Qd3 Rde8 24. Nxf4 Rxf4 25. exf4 Re6 26. Qf5 Rh6 27. Rxc7 Qh2# 0-1

[Event "Late-Titled-Tuesday-Blitz-May-14-2024"]
[Site "Chess.com"]
[Date "2024.05.14"]
[Round "10"]
[White "Bryanl106"]
[Black "HandKnit"]
[Result "1-0"]
[WhiteElo "2670"]
[BlackElo "2498"]
[TimeControl "180+1"]
[EndTime "15:54:03 PDT"]
[Termination "Bryanl106 won by resignation"]

1. e4 e5 2. Nf3 Nc6 3. Bb5 Nf6 4. d3 Bd6 5. O-O O-O 6. c3 Re8 7. h3 Bf8 8. Ba4 d5 9. Qe2 h6 10. Nbd2 Bd7 11. Bd1 Be6 12. Bc2 Qd7 13. a4 d4 14. Nc4 Bxc4 15. dxc4 Rad8 16. Rd1 Qe6 17. a5 dxc3 18. bxc3 Bc5 19. Bd2 Nh5 20. Ne1 Qg6 21. Nd3 Be7 22. Qg4 Bg5 23. Bxg5 hxg5 24. a6 Nf6 25.
Qf5 Qxf5 26. exf5 b6 27. Nb4 Na5 28. Nd5 Nxc4 29. Nxc7 Rxd1+ 30. Rxd1 Rc8 31. Nb5 Ra8 32. Nd6 Rd8 33. Nxc4 Rxd1+ 34. Bxd1 1-0

[Event "Late-Titled-Tuesday-Blitz-May-14-2024"]
[Site "Chess.com"]
[Date "2024.05.14"]
[Round "10"]
[White "Grischuk"]
[Black "Mikayel99"]
[Result "1-0"]
[WhiteElo "3108"]
[BlackElo "2649"]
[TimeControl "180+1"]
[EndTime "15:54:06 PDT"]
[Termination "Grischuk won on time"]

1. d4 Nf6 2. c4 e6 3. Bg5 h6 4. Bh4 c5 5. d5 Qa5+ 6. Nc3 Ne4 7. Qc2 Nxc3 8. bxc3 d6 9. e3 Bd7 10. Bd3 Ba4 11. Qb2 Qb6 12. Qd2 g5 13. Bg3 Bg7 14.
h4 Nd7 15. Rb1 Qa6 16. dxe6 fxe6 17. Bg6+ Ke7 18. Ne2 Ne5 19. Bxe5 Bxe5 20. Be4 Bc6 21. Qc2 Raf8 22. h5 Kd7 23. Bxc6+ Qxc6 24. O-O Rf6 25. Qd3 b6 26. a4 a5 27. f4 gxf4 28.
exf4 Rf5 29. fxe5 Rg8 30. g3 Rgg5 31. Rxf5 Rxf5 32. Rf1 Rxf1+ 33. Kxf1 Qh1+ 34. Kf2 1-0

[Event "Late-Titled-Tuesday-Blitz-May-14-2024"]
[Site "Chess.com"]
[Date "2024.05.14"]
[Round "10"]
[White "sergiochess83"]
[Black "ReadySkate"]
[Result "0-1"]
[WhiteElo "2845"]
[BlackElo "2753"]
[TimeControl "180+1"]
[EndTime "15:54:06 PDT"]
[Termination "ReadySkate won by checkmate"]

1. d4 Nf6 2. c4 g6 3. f3 Nc6 4. d5 Ne5 5. e4 d6 6. Nc3 Bg7 7.
f4 Ned7 8. Nf3 O-O 9. Bd3 e6 10. dxe6 fxe6 11. O-O b6 12. Bd2 Bb7 13. Bc2 Nc5 14.
Qe2 d5 15. cxd5 exd5 16. e5 Nfe4 17. Nxe4 Nxe4 18. Rad1 Nxd2 19. Qxd2 Kh8 20. Qd3 Qe7 21. Ng5 Bxe5 22. Nxh7 Rxf4 23. Qxg6 Rg8 24. Qh5 Rh4 25. Rf7 Bxh2+ 26. Kf1 Ba6+ 27. Bd3 Bxd3+ 28. Rxd3 Qe4 29. Qf3 Be5 30. Nf6 Rh1+ 31. Kf2 Qe1# 0-1

[Event "Late-Titled-Tuesday-Blitz-May-14-2024"]
[Site "Chess.com"]
[Date "2024.05.14"]
[Round "10"]
[White "Felix-Rose"]
[Black "howitzer14"]
[Result "0-1"]
[WhiteElo "2323"]
[BlackElo "2999"]
[TimeControl "180+1"]
[EndTime "15:54:09 PDT"]
[Termination "howitzer14 won by resignation"]

1. e4 c5 2. Nf3 Nc6 3. d4 cxd4 4. Nxd4 Nf6 5. Nc3 d6 6. Bg5 g6 7. Bxf6 exf6 8. Bb5 Bd7 9. Nxc6 bxc6 10. Bc4 Qe7 11. Qe2 Bg7 12. O-O-O Rd8 13. f4 O-O 14. Kb1 f5 15.
exf5 Qxe2 16. Nxe2 Bxf5 17. Bd3 Bc8 18. c4 Rfe8 19.
Kc2 a5 20. Nc3 Be6 21. Rhe1 d5 22. cxd5 cxd5 23. Bb5 Rf8 24. Kb1 Rd6 25. a4 Rc8 26. Ne2 d4 27. Bd3 Bd7 28. Rc1 Rb8 29.
Rc5 Rdb6 30. Rxa5 Rxb2+ 31. Ka1 R2b3 32. Bb5 d3+ 33. Ka2 Rb2+ 34. Ka3 Rxe2 35. Rxe2 dxe2 36. Bxe2 Bf8+ 37. Ka2 Be6+ 38. Ka1 Bg7+ 39. Re5 Rb4 40. Bb5 Rxf4 41. Kb1 Bxe5 0-1

[Event "Late-Titled-Tuesday-Blitz-May-14-2024"]
[Site "Chess.com"]
[Date "2024.05.14"]
[Round "10"]
[White "Byniolus"]
[Black "SujanaLohani"]
[Result "1-0"]
[WhiteElo "2737"]
[BlackElo "2123"]
[TimeControl "180+1"]
[EndTime "15:54:10 PDT"]
[Termination "Byniolus won by resignation"]

1. g3 d5 2. d3 e5 3. e3 c5 4. b3 Nc6 5. c3 Nf6 6. f3 Bd6 7. Ne2 O-O 8. a3 e4 9. dxe4 dxe4 10. f4 Bg4 11. Bg2 Bf3 12. O-O Bc7 13. Nd2 Bh5 14. h3 Qd3 15. Kf2 Rad8 16. Ra2 Nd5 17. Nxe4 Qxd1 18.
Rxd1 Bxe2 19. Kxe2 f5 20. Rxd5 Rxd5 21. Nf6+ Rxf6 22. Bxd5+ Kf8 23. c4 Rh6 24. h4 b6 25.
Bd2 Ne7 26. Bf3 Rg6 27. Be1 Ng8 28. e4 Re6 29. e5 h6 30. Rd2 g5 31. Bf2 Nf6 32. hxg5 hxg5 33. Be3 g4 34. Bd5 Nxd5 35. cxd5 Re8 36. Kd3 Kf7 37. Rh2 Kg7 38. d6 Bd8 39. Kc4 Kf7 40. Kd5 1-0

[Event "Late-Titled-Tuesday-Blitz-May-14-2024"]
[Site "Chess.com"]
[Date "2024.05.14"]
[Round "10"]
[White "albayo"]
[Black "dealshark"]
[Result "1-0"]
[WhiteElo "2418"]
[BlackElo "2520"]
[TimeControl "180+1"]
[EndTime "15:54:10 PDT"]
[Termination "albayo won by resignation"]

1. e4 c6 2. Nc3 d5 3. Nf3 Bg4 4. h3 Bh5 5. exd5 cxd5 6. g4 Bg6 7. Bb5+ Nc6 8. Ne5 Rc8 9. d4 e6 10. Qe2 Bd6 11. h4 Bxe5 12. dxe5 h5 13. Bd3 Bxd3 14. cxd3 Nd4 15. Qd1 hxg4 16. Qa4+ Nc6 17. Qxg4 Nge7 18.
Qxg7 Rg8 19. Qf6 Qb6 20. h5 Qd4 21. Be3 Qxe5 22. Qxe5 Nxe5 23. O-O-O Nf5 24. Bf4 Ng4 25. Kd2 Nxf2 26. Rdg1 Nxh1 27. Rxg8+ Kd7 28. Rxc8 Kxc8 29. h6 Ne7 30. h7 Ng6 31. Ke1 f6 32. Ne2 Kd7 33.
Bh6 Ke7 34. Nf4 Nh8 35. Bg7 Kf7 36. Bxh8 Ng3 37. Bxf6 1-0

[Event "Late-Titled-Tuesday-Blitz-May-14-2024"]
[Site "Chess.com"]
[Date "2024.05.14"]
[Round "10"]
[White "ChEsper99"]
[Black "noret"]
[Result "1-0"]
[WhiteElo "2247"]
[BlackElo "2124"]
[TimeControl "180+1"]
[EndTime "15:54:12 PDT"]
[Termination "ChEsper99 won on time"]

1. Nf3 Nf6 2. g3 g6 3. Bg2 Bg7 4. O-O O-O 5. c4 c5 6. Nc3 Nc6 7. d4 cxd4 8. Nxd4 d5 9. Nxc6 bxc6 10. cxd5 cxd5 11. Nxd5 Nxd5 12. Bxd5 Rb8 13. Bb3 Qa5 14. Bf4 Bh3 15. Bxb8 Bxf1 16. Kxf1 Rxb8 17. Qc2 Qe5 18. Rd1 h5 19. h4 Qf5 20. Qxf5 gxf5 21. Rd7 e6 22. Rxa7 Bxb2 23. e3 Be5 24. Kg2 Kf8 25. Bd1 Rb2 26. Bxh5 f6 27. Bf7 Rb6 28.
h5 Kg7 29. Bxe6+ Kh6 30. Bf7 Kg5 31. f4+ Kg4 32. fxe5 Rb2+ 33. Kf1 Kf3 34. Bd5+ Kxg3 35. exf6 1-0

[Event "Late-Titled-Tuesday-Blitz-May-14-2024"]
[Site "Chess.com"]
[Date "2024.05.14"]
[Round "10"]
[White "Naruto-K"]
[Black "ferrufino64"]
[Result "1-0"]
[WhiteElo "2501"]
[BlackElo "2331"]
[TimeControl "180+1"]
[EndTime "15:54:13 PDT"]
[Termination "Naruto-K won by resignation"]

1. e4 c5 2. Nc3 Nc6 3. Bb5 Nd4 4.
Bc4 e6 5. Nf3 Ne7 6. Nxd4 cxd4 7. Ne2 Nc6 8. d3 Be7 9. O-O O-O 10. a3 d5 11. exd5 exd5 12. Ba2 Bg4 13. f3 Bh5 14. Ng3 Bg6 15. Bf4 Rc8 16. Qd2 Bf6 17. Rfe1 a5 18. Re2 b5 19. Rae1 b4 20. a4 Qd7 21.
Bg5 Bxg5 22. Qxg5 Rfd8 23. h4 h6 24. Qf4 f6 25. h5 Bf7 26. Nf5 Ne5 27. Nxh6+ gxh6 28. Qxf6 Nc6 29. Qxh6 Qf5 30. Re6 b3 31. Bxb3 Qxh5 32.
Rxc6 Rxc6 33. Qxc6 Qh4 34. Re2 Qf4 35. Qb6 Qc1+ 36.
Kf2 Qg5 37. Qxd4 Rf8 38. Qe5 Qg4 39. fxg4 1-0

[Event "Late-Titled-Tuesday-Blitz-May-14-2024"]
[Site "Chess.com"]
[Date "2024.05.14"]
[Round "10"]
[White "maracayo"]
[Black "Eloist"]
[Result "0-1"]
[WhiteElo "2356"]
[BlackElo "2438"]
[TimeControl "180+1"]
[EndTime "15:54:14 PDT"]
[Termination "Eloist won on time"]

1. e4 e6 2. Nf3 d5 3. d3 dxe4 4. dxe4 Qxd1+ 5. Kxd1 Bc5 6. Ke1 b6 7. Bd3 Bb7 8. Ke2 Nf6 9. Nbd2 Nbd7 10. h3 O-O-O 11. e5 Nd5 12. Ne4 Nb4 13. Bg5 Nxd3 14. cxd3 Rde8 15. Nxc5 Nxc5 16. Be3 Nd7 17. d4 Ba6+ 18.
Kd2 f6 19. Rhc1 Rhf8 20. exf6 Nxf6 21. Ne5 Bb7 22. f3 Nd7 23. Nxd7 Kxd7 24. Rc3 Bd5 25. Rac1 c6 26. a4 a5 27. Re1 Rb8 28. Kc1 b5 29. axb5 cxb5 30. Bf2 b4 31. Rc5 a4 32. Bg3 Rbc8 33.
Kd2 a3 34. bxa3 bxa3 35. Ra1 Rxc5 36. dxc5 a2 37. Kc3 Kc6 38. Bd6 Ra8 39. Kd4 Ra4+ 40. Kc3 Rc4+ 41. Kd3 Rb4 42. Kc2 Kb5 43. Bf8 g6 44. Bg7 Bc4 45. Re1 Rb1 0-1

[Event "Late-Titled-Tuesday-Blitz-May-14-2024"]
[Site "Chess.com"]
[Date "2024.05.14"]
[Round "10"]
[White "Rital44"]
[Black "MyDream003"]
[Result "0-1"]
[WhiteElo "2715"]
[BlackElo "2845"]
[TimeControl "180+1"]
[EndTime "15:54:16 PDT"]
[Termination "MyDream003 won by checkmate"]

1. d4 d5 2. Nc3 Nf6 3. Bf4 a6 4.
e3 c5 5. dxc5 e6 6. Na4 Bxc5 7.
Nxc5 Qa5+ 8. c3 Qxc5 9. Bd3 Nbd7 10. Nf3 b6 11. O-O Bb7 12. Ne5 O-O 13. Qf3 Nxe5 14.
Bxe5 Nd7 15. Bd4 Qe7 16. Qh3 h6 17. f4 a5 18. Rf3 e5 19. fxe5 Nxe5 20. Rg3 f6 21.
Bc2 Nf7 22. Qf5 Ng5 23. Rxg5 hxg5 24. Qh7+ Kf7 25. Qh5+ Ke6 26. e4 Kd7 27. Rd1 Kc7 28. Qf3 Rad8 29. Qg3+ Kc6 30. c4 dxc4 31. e5 fxe5 32.
Bxe5 Rxd1+ 33. Bxd1 Qc5+ 34. Kh1 Rf1# 0-1

[Event "Late-Titled-Tuesday-Blitz-May-14-2024"]
[Site "Chess.com"]
[Date "2024.05.14"]
[Round "10"]
[White "Kildepiotr"]
[Black "KaydenTroffChess"]
[Result "1-0"]
[WhiteElo "2750"]
[BlackElo "2843"]
[TimeControl "180+1"]
[EndTime "15:54:18 PDT"]
[Termination "Kildepiotr won by resignation"]

1. Nf3 Nf6 2. g3 g6 3. Bg2 Bg7 4. O-O O-O 5. d4 d5 6. c4 c6 7. Nc3 dxc4 8. a4 a5 9. e3 Nbd7 10. Qe2 Nb6 11. Ne5 Be6 12. f4 Nfd5 13. Ne4 Nb4 14.
Nc5 Qc8 15. e4 Nd3 16. Nxe6 Qxe6 17. Be3 Nxe5 18. dxe5 c5 19. Bxc5 Rfd8 20. Qf2 Nd7 21. Bd4 Qc6 22. Rfc1 Rac8 23. Qe2 b5 24. axb5 Qxb5 25.
Bf1 Nb6 26. Qf2 Na4 27. b3 Nc5 28. Bxc4 Qb4 29. Bxc5 Rxc5 30. Bxf7+ Kxf7 31. Qxc5 Qxe4 32. Qc4+ Qxc4 33. bxc4 g5 34. c5 gxf4 35. gxf4 Bh6 36. Rc4 Ke6 37. c6 Rc8 38. Rxa5 Kf5 39. Raa4 e6 40.
Kf2 Bf8 41. Kf3 Be7 42. c7 Bd8 43. cxd8=Q Rxd8 44. Ra7 Rd3+ 45. Ke2 Rb3 46. Rf7+ Kg4 47.
f5+ Kg5 48. fxe6 Rb2+ 49. Ke3 Rb3+ 50. Ke4 Rb6 51. e7 Re6 52. Kd5 Ra6 53. e8=Q h6 54. Rg7+ 1-0

[Event "Late-Titled-Tuesday-Blitz-May-14-2024"]
[Site "Chess.com"]
[Date "2024.05.14"]
[Round "10"]
[White "Gangster-accountant01"]
[Black "Mbneu"]
[Result "1-0"]
[WhiteElo "2589"]
[BlackElo "2280"]
[TimeControl "180+1"]
[EndTime "15:54:19 PDT"]
[Termination "Gangster-accountant01 won on time"]

1. c4 Nf6 2. d3 e6 3. e4 d5 4.
cxd5 exd5 5. e5 Nfd7 6. f4 Nc5 7. d4 Ne4 8. Be3 c5 9. Nd2 Bf5 10. Nxe4 Bxe4 11. Nf3 Nc6 12. Be2 Qa5+ 13. Bd2 Qb6 14. Bc3 cxd4 15. Nxd4 Bc5 16. Nxc6 bxc6 17. Bf3 Bf2+ 18.
Kf1 Be3 19. Bxe4 dxe4 20. g3 Rd8 21. Qe2 Rd3 22. Kg2 c5 23. Rhd1 c4 24. Qg4 O-O 25.
e6 f6 26. e7 Re8 27. Rxd3 exd3 28. Qd7 Kf7 29. Qd5+ Kxe7 30. Qxc4 Qb7+ 31. Kh3 Qd7+ 32. g4 Rc8 33. Bb4+ Kd8 34. Qg8+ Kc7 35. Qb3 d2 36. Rd1 Re8 37. Ba5+ Kc8 38. Bxd2 Bxd2 39. Qc2+ Kb8 40.
Qxd2 Qxd2 41. Rxd2 Re3+ 42. Kg2 Kc7 43. h3 Kc6 44. f5 a5 45. b3 Rc3 46. Re2 Kd6 47.
Rd2+ Ke5 48. Re2+ Kf4 49. Kh2 g6 50. fxg6 hxg6 51. Rf2+ Kg5 52. Kg2 Kh4 53. Rxf6 1-0

[Event "Late-Titled-Tuesday-Blitz-May-14-2024"]
[Site "Chess.com"]
[Date "2024.05.14"]
[Round "10"]
[White "Nf3c5"]
[Black "GMthekingindian"]
[Result "1-0"]
[WhiteElo "2554"]
[BlackElo "2330"]
[TimeControl "180+1"]
[EndTime "15:54:19 PDT"]
[Termination "Nf3c5 won by resignation"]

1. d4 d5 2. Nf3 Nf6 3. Bg5 h6 4. Bxf6 exf6 5. e3 c6 6. c4 dxc4 7. Bxc4 Nd7 8. Nc3 Bd6 9. O-O O-O 10. Rb1 f5 11. b4 a6 12. a4 b5 13. Bd3 Nf6 14. Qc2 g6 15. Ne2 Bb7 16. Ne5 Rc8 17.
Rfc1 Qe7 18. Qb2 Nd5 19. Rc5 Bxc5 20. bxc5 Kg7 21. g3 f6 22. Nf3 Rb8 23. a5 Bc8 24.
Qd2 Qc7 25. h4 Re8 26. Nf4 Be6 27. Nxe6+ Rxe6 28. h5 Nxe3 29. hxg6 Kxg6 30. Nh4+ Kf7 31. Re1 f4 32. fxe3 Rg8 33. Nf5 Kf8 34. exf4 Rxe1+ 35. Qxe1 Qg7 36. Nxg7 Rxg7 37. Kf2 Re7 38. Qd2 Rd7 39. Bf5 Rd5 40. Be6 Re5 41. fxe5 Ke7 42. Bf5 1-0

[Event "Late-Titled-Tuesday-Blitz-May-14-2024"]
[Site "Chess.com"]
[Date "2024.05.14"]
[Round "10"]
[White "Szparu"]
[Black "Hamisandwich"]
[Result "1-0"]
[WhiteElo "2897"]
[BlackElo "2749"]
[TimeControl "180+1"]
[EndTime "15:54:25 PDT"]
[Termination "Szparu won by checkmate"]

1. e4 c6 2. d4 a6 3. Bd3 d5 4. e5 c5 5. dxc5 e6 6. a3 Nd7 7.
Nf3 Nxc5 8. Be2 Ne7 9. O-O Nf5 10.
Re1 Be7 11. b4 Nd7 12. Bd3 Nb6 13. Nbd2 Bd7 14. Qe2 Rc8 15. g4 Nh4 16. Nxh4 Bxh4 17. Nf3 Be7 18. g5 Nc4 19. Kg2 a5 20. Rb1 axb4 21.
axb4 Qb6 22. h4 Bb5 23. h5 Kd7 24. Kh3 Ra8 25. Be3 Qc7 26. Nd4 Ba4 27. f4 b5 28.
Bf2 g6 29. Kg2 Rab8 30. Qg4 Na3 31. Ra1 Bxb4 32. hxg6 hxg6 33. Bxg6 Ke7 34. Bxf7 Kxf7 35. Qxe6+ Kf8 36. Rh1 Rg8 37. g6 Qe7 38. f5 Qxe6 39.
Nxe6+ Ke8 40. Rh7 Nxc2 41. Bh4 Rb6 42. Nc7+ Kf8 43. Rf7# 1-0

[Event "Late-Titled-Tuesday-Blitz-May-14-2024"]
[Site "Chess.com"]
[Date "2024.05.14"]
[Round "10"]
[White "Kombinator01"]
[Black "Romkachess"]
[Result "0-1"]
[WhiteElo "2400"]
[BlackElo "2592"]
[TimeControl "180+1"]
[EndTime "15:54:25 PDT"]
[Termination "Romkachess won by resignation"]

1. b4 e5 2. Bb2 d6 3. c4 g6 4.
g3 Bg7 5. Bg2 Ne7 6. e3 O-O 7.
Ne2 a5 8. a3 c6 9. O-O Be6 10. d3 Qd7 11. Nd2 Bh3 12. d4 Na6 13. Bc3 axb4 14. axb4 Bxg2 15. Kxg2 Nc7 16. e4 b5 17.
dxe5 dxe5 18. Nf3 Qe6 19. c5 Qc4 20. Qd6 Qxe2 21. Qxe7 Ne6 22. Rfe1 Qc4 23. Rxa8 Rxa8 24. Bxe5 Qxb4 25. Re3 Qxc5 26. Bd6 Qa7 27. Qxa7 Rxa7 28. e5 c5 29. Nd2 c4 30. Kf3 Rd7 31. Ke4 Bf8 32.
Kd5 Rd8 33. Kc6 Bxd6 34. exd6 Nd4+ 35. Kc7 Rf8 36. d7 Ne6+ 37. Rxe6 fxe6 38. d8=Q Rxd8 39. Kxd8 c3 40. Kd7 cxd2 0-1

[Event "Late-Titled-Tuesday-Blitz-May-14-2024"]
[Site "Chess.com"]
[Date "2024.05.14"]
[Round "10"]
[White "hblanco"]
[Black "NikitaShnadrygin"]
[Result "1-0"]
[WhiteElo "2636"]
[BlackElo "2749"]
[TimeControl "180+1"]
[EndTime "15:54:26 PDT"]
[Termination "hblanco won by resignation"]

1. e4 c5 2. c3 Nf6 3. e5 Nd5 4. d4 cxd4 5. cxd4 d6 6. Nf3 Nc6 7. Bc4 Nb6 8. Bb5 dxe5 9. Nxe5 Bd7 10. Nxd7 Qxd7 11. Nc3 a6 12. Bxc6 Qxc6 13. d5 Qd7 14. Qb3 Nc8 15. Bf4 g6 16. O-O Bg7 17. Rac1 O-O 18.
Rfe1 b5 19. Ne4 Nb6 20. d6 e5 21. Bg5 Nc4 22. Be7 Rfe8 23. Rcd1 Rac8 24. Qb4 a5 25. Qb3 f5 26. Nc3 Bf8 27. Nxb5 Kh8 28. Nc7 Bxe7 29. Nxe8 Qxe8 30. dxe7 Qxe7 31. Rc1 Qe6 32. Qb7 Rc6 33. b3 Rb6 34. Qa8+ Kg7 35. Rxc4 e4 36. Rc7+ Kh6 37. Qf8+ Kg5 38. Qc5 Rd6 39. Rxh7 Rd5 40. Qe3+ f4 41. h4+ Kf5 42. Qh3+ Kf6 43. Qxe6+ Kxe6 44. Rxe4+ 1-0

[Event "Late-Titled-Tuesday-Blitz-May-14-2024"]
[Site "Chess.com"]
[Date "2024.05.14"]
[Round "10"]
[White "wild3000"]
[Black "MalcolmPein"]
[Result "1-0"]
[WhiteElo "2466"]
[BlackElo "2314"]
[TimeControl "180+1"]
[EndTime "15:54:26 PDT"]
[Termination "wild3000 won on time"]

1. c4 f5 2. h4 Nf6 3. h5 e6 4. d3 b6 5. Nc3 Bb7 6. h6 g6 7.
Bg5 Be7 8. Nf3 O-O 9. e3 Ng4 10. Bxe7 Qxe7 11. Be2 Nc6 12. Nb5 d6 13. a3 Nd8 14. Qc2 a6 15. Nc3 Nf7 16. b4 Nfxh6 17. Nh4 Qg5 18. Bf3 Bxf3 19. gxf3 Nf6 20. Ke2 Nh5 21.
Rag1 Qf6 22. Nxg6 hxg6 23. Rxh5 Kg7 24. Rh2 Nf7 25. f4 Rh8 26. Rhg2 Rh6 27. Qa4 Qe7 28. d4 Qe8 29. Qc2 Qe7 30. d5 Qf6 31. dxe6 Qxe6 32. Nd5 Rah8 33. Nxc7 Qf6 34. Nd5 Qe6 35.
Nxb6 a5 36. Nd5 Rc8 37. Qb2+ Kf8 38. Qd4 Qe4 39. Qxe4 fxe4 40. Rc1 axb4 41. axb4 Ra8 42. Rc2 Ra1 43. Nf6 Rhh1 44. Nxe4 Rhe1+ 45. Kf3 g5 46. Nxg5 Nh6 47. c5 Nf5 48. Ke4 dxc5 49.
Kxf5 cxb4 50. Rb2 Ra5+ 51. Ke4 1-0

[Event "Late-Titled-Tuesday-Blitz-May-14-2024"]
[Site "Chess.com"]
[Date "2024.05.14"]
[Round "10"]
[White "MaxLeto"]
[Black "Iuckyducky"]
[Result "1-0"]
[WhiteElo "2390"]
[BlackElo "2292"]
[TimeControl "180+1"]
[EndTime "15:54:27 PDT"]
[Termination "MaxLeto won by resignation"]

1. g4 d5 2. Bg2 e5 3. d4 e4 4. c4 c6 5. Nc3 Bxg4 6. Qb3 Na6 7.
cxd5 cxd5 8. Nxd5 Be6 9. Bxe4 Bb4+ 10. Bd2 Bxd2+ 11. Kxd2 Nf6 12. Nxf6+ Qxf6 13. Qxb7 Qxd4+ 14. Ke1 O-O 15. Nf3 Qa4 16. Qe7 Qxe4 17. Qg5 Qb4+ 18. Kf1 Qxb2 19. Re1 h6 20. Qg3 Rac8 21. h4 Rc1 22.
Rg1 Rxe1+ 23. Nxe1 Bc4 24. Qf3 Re8 25. Kg2 Qxe2 26.
Qg3 Re6 27. Kh2 Rg6 28. Qc3 Rxg1 29. Kxg1 Qxe1+ 30. Qxe1 Be6 31. Qc3 Kh7 32. Qa3 Bc4 33. Qa4 Be2 34. Qc2+ g6 35. Qxe2 Nb4 36. Qb5 Nd5 37.
Qxd5 1-0

[Event "Late-Titled-Tuesday-Blitz-May-14-2024"]
[Site "Chess.com"]
[Date "2024.05.14"]
[Round "10"]
[White "TheWiscoIndian"]
[Black "Javadovvv"]
[Result "0-1"]
[WhiteElo "2260"]
[BlackElo "2589"]
[TimeControl "180+1"]
[EndTime "15:54:29 PDT"]
[Termination "Javadovvv won by resignation"]

1. Nf3 d5 2. g3 Nf6 3. Bg2 e6 4. O-O Be7 5. c4 O-O 6. d3 b6 7.
cxd5 Nxd5 8. Nc3 Bb7 9. e4 Nf6 10. Re1 c5 11. d4 cxd4 12. Qxd4 Nbd7 13. Bg5 h6 14. Bf4 Nc5 15. Qxd8 Rfxd8 16. Ne5 Rac8 17. Rad1 g5 18. Bc1 Bd6 19. Nxf7 Kxf7 20. e5 Bxg2 21. Kxg2 Bxe5 22. Rxd8 Rxd8 23. Rxe5 Nd3 24. Rb5 Nxc1 25. a4 Nd5 26. Ne4 Nd3 27. a5 Ke7 28. axb6 axb6 29. Rb3 Ne5 30. Ra3 Nc4 31. Ra7+ Rd7 32. Ra8 Nxb2 33. Rh8 Nf6 34. Nc3 h5 35. Rb8 Nc4 36. Na4 Nd5 37. Rh8 b5 38. Nc5 Rc7 39. Rh7+ Kd6 40.
Ne4+ Kc6 41. Rh8 b4 42. Rb8 Rb7 43. Rc8+ Rc7 44. Rb8 Ndb6 45. Rd8 b3 46. Nc3 b2 47. Rg8 Na4 48. Nb1 Rd7 49. Rxg5 Nd2 50. Na3 Rd3 51. Nc4 0-1

[Event "Late-Titled-Tuesday-Blitz-May-14-2024"]
[Site "Chess.com"]
[Date "2024.05.14"]
[Round "10"]
[White "CombativeWombat"]
[Black "Cambek64"]
[Result "0-1"]
[WhiteElo "2348"]
[BlackElo "2494"]
[TimeControl "180+1"]
[EndTime "15:54:30 PDT"]
[Termination "Cambek64 won by checkmate"]

1. e4 c6 2. Nc3 d5 3. Nf3 Bg4 4. Be2 e6 5. d4 Nd7 6. O-O Ngf6 7. e5 Ng8 8. h3 Bxf3 9. Bxf3 c5 10. Re1 cxd4 11.
Qxd4 Ne7 12. Bg5 Nc6 13. Qg4 h5 14. Qg3 Qb6 15. Nxd5 exd5 16. e6 Nf6 17. Bxf6 gxf6 18. exf7+ Kd7 19. Bxd5 Bd6 20. Qf3 Nd4 21. Qd3 Rad8 22.
c3 Nc6 23. Qf5+ Kc7 24. Qxf6 Nb4 25. Qf5 Nxd5 26. c4 Ne7 27. Qg5 Nc6 28. b4 Qxb4 29.
Rab1 Qc5 30. Qg7 Rhf8 31. Re8 Qd4 32. Qh7 Qf4 33. c5 Qh2+ 34. Kf1 Bxc5 35. Rxd8 Nxd8 36. Rc1 b6 37. Qxh5 Qh1+ 38. Ke2 Qxc1 39. Qd5 Qb2+ 40. Kf1 Qf6 41. g3 Nc6 42. h4 Qxf2# 0-1